 Dungeon Sprint DCSS version 0.28-a0-1387-g3a22ab9bdc (webtiles) character file.

Game seed: 17903610259010301707

135 mhtbhm the Skirmisher (level 4, 0/67 HPs)
             Began as a Draconian Berserker on Jan 2, 2022.
             Was a Priest of Trog.
             Slain by a fire elemental (1 damage)
             ... summoned by a deep elf pyromancer
             ... in the Dungeon (Sprint III: "The Ten Rune Challenge").
             The game lasted 00:00:56 (541 turns).

mhtbhm the Skirmisher (Draconian Berserker)          Turns: 541, Time: 00:00:57

Health: 0/67       AC:  5    Str: 21    XL:     4   Next: 97%
Magic:  4/4        EV: 13    Int:  8    God:    Trog [***...]
Gold:   50         SH:  0    Dex: 10    Spells: 3/3 levels left

rFire   . . .      SeeInvis .   a - +0 falchion
rCold   . . .      Faith    .   (no shield)
rNeg    . . .      Spirit   .   (armour unavailable)
rPois   .          Reflect  .   (helmet restricted)
rElec   .          Harm     .   (no cloak)
rCorr   .          Rampage  .   (no gloves)
Will    .....      NoTele   +   (no boots)
Stlth   ..........              (no amulet)
HPRegen 0.21/turn               (no ring)
MPRegen 0.09/turn               (no ring)

@: berserking (expiring), very quick
A: AC +5, unfitting armour, cold-blooded, horns 1, high mp 1
a: Renounce Religion, Berserk, Trog's Hand


You were in the Dungeon.
You worshipped Trog.
Trog was most pleased with you.
You visited 1 branch You collected 50 gold pieces.

Inventory:

Hand Weapons
 a - a +0 falchion (weapon)
Scrolls
 g - a scroll of blinking
 i - 2 scrolls of torment {unknown}
 j - a scroll of identify {unknown}
 l - a scroll of fear {unknown}
Potions
 b - a potion of curing
 c - a potion of heal wounds
 d - 3 potions of haste
 e - 2 potions of magic
 f - a potion of berserk rage
 h - 3 potions of mutation
 k - 2 potions of flight


   Skills:
 + Level 6.7 Fighting
 + Level 6.6 Long Blades
 + Level 5.9 Dodging


You had 3 spell levels left.
You didn't know any spells.
Your spell library was empty.

Dungeon Overview and Level Annotations

Branches:
Dungeon (1/1)

Altars:
Elyvilon
Kikubaaqudgha
Sif Muna
Vehumet
Zin
The Shining One


Innate Abilities, Weirdness & Mutations

Your plain brown scales are hard. (AC +5)
You cannot fit into any form of body armour.
You are cold-blooded and may be slowed by cold attacks.
You have a pair of small horns on your head.
You have an increased reservoir of magic. (+10% MP)


Message History

A deep elf pyromancer comes into view.
It is wielding a +1 long sword of holy wrath.
Found a potion of curing.
The deep elf pyromancer shouts!
The deep elf pyromancer gestures wildly while chanting.
There is an open door here.
A red film seems to cover your vision as you go berserk!
You feel yourself moving faster!
You feel mighty!
You barely miss the deep elf pyromancer.
The deep elf pyromancer hits you with a +1 long sword of holy wrath!
The fire elemental barely misses you.
Unknown command.
You miss the deep elf pyromancer.
Your tail-slap misses the deep elf pyromancer.
The deep elf pyromancer hits you with a +1 long sword of holy wrath!
The fire elemental hits you. The fire elemental burns you!
You slash the deep elf pyromancer!
The deep elf pyromancer is heavily wounded.
You slash the deep elf pyromancer!
The deep elf pyromancer is severely wounded.
The fire elemental hits you. The fire elemental burns you!
The deep elf pyromancer gestures at you while chanting.
The sticky flame hits you!
You are covered in liquid flames!
* * * LOW HITPOINT WARNING * * *
You barely miss the deep elf pyromancer.
The deep elf pyromancer is severely wounded.
You are covered in liquid flames!
* * * LOW HITPOINT WARNING * * *
The fire elemental hits you. The fire elemental burns you!
* * * LOW HITPOINT WARNING * * *
The deep elf pyromancer gestures wildly while chanting.
The deep elf pyromancer blinks!
You are covered in liquid flames!
* * * LOW HITPOINT WARNING * * *
Unknown command.
You feel a strong urge to attack something.
The flames go out!
There is a fountain of clear blue water here.
The fire elemental hits you.
You die...

▓▓▓▓▓▓▓▓ ▓▓▓ .'...♣.♣♣
♣.##### .#....♣.♣
♣♣.#__°# ##....♣.♣
♣..#!§○#
.#....≈.♣♣♣..###E#+###+#
.#...≈≈.♣.♣..#.E........
.#..≈≈≈≈♣♣.♣.'.⌠@e......
'#..≈≈≈≈≈≈...#...######+
†#.≈≈≈≈≈≈....#.⌠.#
.#†≈≈≈≈≈.....#...#
.#.≈≈≈.......#)###
##...........#):.#
.............#___#
▓▓▓▓▓▓▓▓▓▓▓▓▓▓▓▓▓▓


You could see a deep elf pyromancer and 2 fire elementals.

Vanquished Creatures
  A water elemental (D)
  A wizard (D)
  A human (D)
  A kobold demonologist (D)
  A wolf (D)
  An endoplasm (D)
  3 rats (D)
9 creatures vanquished.

Notes
Turn   | Place    | Note
-------+----------+-------------------------------------------
     0 | D        | mhtbhm the Draconian Berserker began the quest for the Orb.
     0 | D        | Reached XP level 1. HP: 19/19 MP: 1/1
    15 | D        | Reached ** piety under Trog
    67 | D        | Reached XP level 2. HP: 27/28 MP: 2/2
   111 | D        | Reached skill level 5 in Fighting
   111 | D        | Reached XP level 3. HP: 36/36 MP: 3/3
   153 | D        | Gained mutation: You have a pair of small horns on your
                  | head. [potion of mutation]
   153 | D        | Gained mutation: You have an increased reservoir of magic.
                  | (+10% MP) [potion of mutation]
   156 | D        | Noticed a water elemental
   164 | D        | HP: 1/54 [water elemental (5)]
   165 | D        | Killed a water elemental
   166 | D        | Reached skill level 5 in Dodging
   166 | D        | Reached XP level 4. HP: 1/44 MP: 4/4
   468 | D        | Found a radiant altar of Vehumet.
   468 | D        | Found a shimmering blue altar of Sif Muna.
   468 | D        | Found an ancient bone altar of Kikubaaqudgha.
   468 | D        | Noticed a wizard
   471 | D        | Killed a wizard
   471 | D        | Reached *** piety under Trog
   472 | D        | Noticed a red devil
   531 | D        | Found a glowing silver altar of Zin.
   531 | D        | Found a glowing golden altar of the Shining One.
   531 | D        | Found a white marble altar of Elyvilon.
   532 | D        | Noticed a deep elf pyromancer
   533 | D        | Noticed a fire elemental
   533 | D        | Noticed a fire elemental
   538 | D        | HP: 2/67 [fire elemental[a deep elf pyromancer] (12)]
   541 | D        | Slain by a fire elemental

Illustrated notes

Levels and vault maps discovered:
D:        dungeon_sprint_mu [sprint_mu_entry_forest, sprint_mu_temple_rooms,
          sprint_mu_d1_horrors, sprint_mu_d2_genie, sprint_mu_d3_branching,
          sprint_mu_orc_legion, sprint_mu_elf_gauntlet, sprint_mu_hive_nellie,
          sprint_mu_lair_fedhas, sprint_mu_vaults_butterflies,
          sprint_mu_slime_circle, sprint_mu_shoals_archi,
          sprint_mu_snake_twists, sprint_mu_blade_basic,
          sprint_mu_crypt_fortress, sprint_mu_tomb_spiral,
          sprint_mu_vestibule_basic, sprint_mu_gehenna_hellfire,
          sprint_mu_dis_giant, sprint_mu_tartarus_statrot,
          sprint_mu_cocytus_islands, sprint_mu_zot1]

Skill      XL: |  1  2  3 |
---------------+----------+-----
Dodging        | 3 4 5 |  5.9
Fighting       | 4 5 6 |  6.7
Long Blades    | 4 6 |  6.6

Action                   |  1- 3 |  4- 6 || total
-------------------------+-------+-------++-------
Melee: Falchion          |    20 |     9 ||    29
       Tailslap          |     3 |     1 ||     4
       Headbutt          |       |     1 ||     1
Invok: Berserk           |     3 |     2 ||     5
  Use: Potion            |     1 |       ||     1
Armor: Skin              |     1 |     2 ||     3
Dodge: Dodged            |    10 |     2 ||    12

Table legend: (Time is in decaauts)
 A = Elapsed time spent in this place.
 B = Non-inter-level travel time spent in this place.
 C = Inter-level travel time spent in this place.
 D = Time resting spent in this place.
 E = Time spent auto-exploring this place.
 F = Levels seen in this place.
 G = Mean time per level.
                   A        B        C        D        E       F      G
               +--------+--------+--------+--------+--------+-----+--------+
         Total |    585 |    585 |      0 |    427 |      1 |   1 |  585.0 |
       Dungeon |    585 |    585 |      0 |    427 |      1 |   1 |  585.0 |
               +--------+--------+--------+--------+--------+-----+--------+

Top non-repeatable levels by time:
       D: 585 daAuts
